 Dungeon Crawl Stone Soup version 0.31-a0-654-gbe3e110b4e (webtiles) character file.

Game seed: 3044508387800322085

49490 holysushi the Unseen (level 14, 0/87 HPs)
             Began as a Kobold Monk on Aug 29, 2023.
             Was an Elder of Uskayaw.
             Slain by a basilisk (3 damage)
             ... on level 4 of the Lair of Beasts.
             The game lasted 00:29:45 (18504 turns).

holysushi the Unseen (Kobold Monk)                 Turns: 18504, Time: 00:29:45

Health: 0/87       AC:  9    Str:  9    XL:     14   Next: 92%
Magic:  21/21      EV: 35    Int: 18    God:    Uskayaw [****..]
Gold:   937        SH:  5    Dex: 29    Spells: 13/13 levels left

rFire   x . .        i - +5 short sword (speed)
rCold   . . .        (no shield)
rNeg    + . .        v - +1 robe of Supple Strength {rN+ MP-9 Dex+4}
rPois   .            h - +0 helmet {Int+3}
rElec   .            x - +1 cloak
rCorr   .            u - +1 pair of gloves of Contumacious Wonder {MP+9 Int+3 Dex+4}
SInv    +            H - +0 pair of boots
Will    +....        q - amulet of reflection
Stlth   +++++++++    m - ring of ice
HPRegen 0.34/turn    (no ring)
MPRegen 0.17/turn

%: reflection
@: no status effects
A: small, no large weapons, nightstalker 3, see invisible, cold vulnerability 1,
inability to drink after injury 1
a: Renounce Religion, Stomp, Line Pass


You were on level 4 of the Lair of Beasts.
You worshipped Uskayaw.
Uskayaw was aware of your devotion.
You visited 3 branches of the dungeon, and saw 15 of its levels.
You also visited: Bailey.

You collected 937 gold pieces.

Inventory:

Hand Weapons
 i - a +5 short sword of speed (weapon)
 D - a +4 dagger of freezing
 G - a +1 dagger of venom
Armour
 d - an orb of light
 h - a +0 helmet of intelligence (worn)
 u - the +1 pair of gloves of Contumacious Wonder (worn) {MP+9 Int+3 Dex+4}
   (You found it in a bailey)

   Int+3:     It affects your intelligence (+3).
   Dex+4:     It affects your dexterity (+4).
   MP+9:      It affects your magic capacity (+9).
 v - the +1 robe of Supple Strength (worn) {rN+ MP-9 Dex+4}
   (You found it on level 5 of the Dungeon)

   Dex+4:     It affects your dexterity (+4).
   rN+:       It protects you from negative energy.
   MP-9:      It affects your magic capacity (-9).
 w - a +0 kite shield
 x - a +1 cloak (worn)
 C - the +0 robe of the Swan {rElec rC+ Int-4 Dex+3}
   (You found it on level 8 of the Dungeon)

   Int-4:     It affects your intelligence (-4).
   Dex+3:     It affects your dexterity (+3).
   rC+:       It protects you from cold.
   rElec:     It insulates you from electricity.
 H - a +0 pair of boots (worn)
Jewellery
 k - an amulet of magic regeneration
 m - a ring of ice (left hand)
 q - an amulet of reflection (around neck)
 F - a ring of flight
Wands
 n - a wand of polymorph (3)
 s - a wand of charming (15)
 A - a wand of mindburst (17)
 B - a wand of flame (14)
 I - a wand of roots (3)
Scrolls
 a - 3 scrolls of teleportation
 b - 2 scrolls of revelation
 r - 3 scrolls of blinking
 y - 2 scrolls of silence
 z - a scroll of enchant armour {unknown}
 K - a scroll of brand weapon {unknown}
 N - a scroll of immolation
 O - a scroll of identify
Potions
 c - 2 potions of ambrosia
 e - a potion of cancellation
 f - a potion of heal wounds
 g - 2 potions of attraction
 j - a potion of invisibility {unknown}
 o - a potion of brilliance {unknown}
 p - 5 potions of curing
 t - 2 potions of haste
 E - 3 potions of might {unknown}
 L - a potion of mutation
 M - 2 potions of enlightenment {unknown}
 P - a potion of magic {unknown}
Miscellaneous
 l - a phial of floods
 J - a lightning rod (4/4)


   Skills:
 + Level 9.9 Fighting
 - Level 15.0 Short Blades
 - Level 17.0 Dodging
 - Level 20.0 Stealth
 + Level 10.5 Invocations
 - Level 5.0 Evocations


You had 13 spell levels left.
You didn't know any spells.
Your spell library contained the following spells:

 Spells                   Type           Power      Damage    Failure   Level
 Apportation              Tloc           0%         N/A       22%         1
 Necrotise                Necr           0%         1d4       22%         1
 Shock                    Conj/Air       0%         1d3       22%         1
 Summon Small Mammal      Summ           0%         N/A       22%         1
 Lesser Beckoning         Tloc           0%         N/A       32%         2
 Dazzling Flash           Conj/Hex       0%         N/A       54%         3
 Gell's Gravitas          Tloc           0%         N/A       54%         3
 Hailstorm                Conj/Ice       0%         3d3       54%         3
 Mephitic Cloud           Conj/Pois/Air  0%         N/A       54%         3
 Swiftness                Air            0%         N/A       54%         3
 Teleport Other           Tloc           0%         N/A       54%         3
 Volatile Blastmotes      Fire/Tloc      0%         2d10      54%         3
 Airstrike                Air            0%         2d(0-16)  91%         4
 Summon Ice Beast         Ice/Summ       0%         N/A       91%         4
 Agony                    Necr           0%         N/A       99%         5
 Silence                  Hex/Air        0%         N/A       99%         5
 Simulacrum               Ice/Necr       0%         N/A       100%        6
 Malign Gateway           Summ/Tloc      0%         N/A       100%        7


Dungeon Overview and Level Annotations

Branches:
Dungeon (10/15) Zot: 25947  Temple (1/1) D:4 Zot: 5941    Lair (4/5) D:10 Zot: 18855
 Shoals (0/4) Lair:2        Snake (0/4) Lair:3       Bailey (visited)
  Slime: Lair:4-5       Orc: D:9-12

Altars:
Ashenzari
Cheibriados
Dithmenos
Elyvilon
Fedhas
Gozag
Hepliaklqana
Kikubaaqudgha
Makhleb
Nemelex Xobeh
Okawaru
Qazlal
Ru
Sif Muna
Trog
Uskayaw
Vehumet
Wu Jian
Xom
Yredelemnul
Zin
The Shining One

Annotations:
D:2 Natasha
D:5 2 transporters, greenreed's ghost, novice DjSh
D:6 Jeremiah


Innate Abilities, Weirdness & Mutations

You are small and have problems with some larger weapons.
You are completely attuned to the shadows.
You have supernaturally acute eyesight. (SInv)
You are vulnerable to cold. (rC-)
You occasionally lose the ability to drink potions when taking damage.


Message History

The eight-headed hydra bites you.
The eight-headed hydra bites you but does no damage. x2
You hear the rapid rumble of a very distant avalanche of rocks.
The eight-headed hydra bites you but does no damage. x2
The eight-headed hydra bites you. The eight-headed hydra bites you!
The eight-headed hydra bites you.
The eight-headed hydra bites you but does no damage.
The eight-headed hydra bites you. x2
The eight-headed hydra bites you. x3
* * * LOW HITPOINT WARNING * * *
The eight-headed hydra bites you.
* * * LOW HITPOINT WARNING * * *
The eight-headed hydra bites you.
* * * LOW HITPOINT WARNING * * *
The eight-headed hydra completely misses you.
The eight-headed hydra bites you.
* * * LOW HITPOINT WARNING * * *
The eight-headed hydra bites you!
* * * LOW HITPOINT WARNING * * *
The eight-headed hydra bites you. x2
* * * LOW HITPOINT WARNING * * *
The eight-headed hydra bites you but does no damage.
The eight-headed hydra bites you.
* * * LOW HITPOINT WARNING * * *
The eight-headed hydra bites you.
* * * LOW HITPOINT WARNING * * *
The eight-headed hydra bites you!
* * * LOW HITPOINT WARNING * * *
The eight-headed hydra bites you!
* * * LOW HITPOINT WARNING * * *
The eight-headed hydra bites you.
* * * LOW HITPOINT WARNING * * *
You can no longer merge with and destroy a victim.
Uskayaw prepares the audience for your solo!
You turn to flesh and can move again.
The helpless eight-headed hydra fails to defend itself.
You perforate the eight-headed hydra like a sieve!!!!!
You kill the eight-headed hydra!
The basilisk is no longer paralysed.
The basilisk bites you.
You die...

#.#####......)..# ... ###
#..........# ###+# ...
##...####### ###[..###.## #####
###.#+.###†..# ##............# ##
### ##........††...## .#######
###.###.#.............#
###....####.##.##r.>............#
...............†@l+............#.
#.#.##..#.#########............+
########### #............#
#............# #P............#
###P###..#P..## #######


You could see a basilisk and a hell rat (paralysed).

Vanquished Creatures
  Snorg (D:10)
  8 hydras
  3 two-headed ogres
  Erica (Lair:1)
  3 boulder beetles
  3 death yaks
  Pikel (D:6)
  A lindwurm (Lair:3)
  12 elephants
  Maurice (D:10)
  5 black mambas
  A torpor snail (Lair:3)
  3 merfolk sirens (Lair:2)
  2 gargoyles
  8 cane toads
  9 rime drakes
  2 unseen horrors (D:10)
  10 komodo dragons
  3 polar bears (Lair:3)
  Grinder (D:6)
  12 blink frogs
  10 dream sheep (Lair:3)
  3 hornets
  Sigmund (D:2)
  A vampire (Bailey)
  30 yaks
  10 wyverns
  7 basilisks
  3 steam dragons
  Menkaure (D:4)
  An acid dragon (D:10)
  4 nagas (Lair:3)
  19 water moccasins
  3 orc warriors
  3 ice beasts
  3 black bears
  13 wolves
  2 centaurs
  An ogre (D:5)
  16 bullfrogs
  2 gnoll sergeants
  4 scorpions
  17 wights
  7 vampire bats (Bailey)
  4 killer bees
  7 howler monkeys
  3 electric eels
  5 wolf zombies (Bailey)
  3 jellies
  5 hounds
  Crazy Yiuf (D:7)
  6 orc priests
  A gnoll bouda (D:7)
  Jessica (D:2)
  Natasha (D:2)
  6 iguanas
  3 hell rats (Lair:4)
  6 orc wizards
  12 gnolls
  3 adders
  3 shadow imps
  2 worms
  A dart slug (D:2)
  20 orcs
  9 bats
  5 endoplasms
  A giant cockroach (D:2)
  2 goblins
  11 hobgoblins
  7 jackals
  3 ball pythons
  2 frilled lizards
  9 kobolds
  21 orc zombies (Bailey)
  3 rats
417 creatures vanquished.

Notes
Turn   | Place    | Note
-------+----------+-------------------------------------------
     0 | D:1      | holysushi the Kobold Monk began the quest for the Orb.
     0 | D:1      | Reached XP level 1. HP: 14/14 MP: 1/1
   178 | D:1      | Reached XP level 2. HP: 19/19 MP: 2/2
   229 | D:1      | Reached skill level 5 in Short Blades
   495 | D:1      | Reached XP level 3. HP: 22/23 MP: 3/3
   700 | D:2      | Noticed Natasha
   705 | D:2      | Killed Natasha
   706 | D:2      | Reached XP level 4. HP: 25/29 MP: 4/4
   910 | D:2      | Noticed Jessica
   921 | D:2      | Killed Jessica
  1241 | D:2      | Noticed Sigmund
  1373 | D:2      | Noticed Natasha
  1432 | D:3      | Reached XP level 5. HP: 33/33 MP: 5/5
  2039 | D:3      | You fall into a shaft and drop 1 floor!
  2075 | D:4      | Noticed Menkaure
  2082 | D:4      | Killed Menkaure
  2083 | D:4      | Reached XP level 6. HP: 29/38 MP: 6/6
  2180 | D:4      | Reached skill level 1 in Stealth
  2284 | D:4      | Reached skill level 2 in Stealth
  2362 | D:4      | Found an iron altar of Okawaru.
  2505 | D:4      | Found a staircase to the Ecumenical Temple.
  2564 | Temple   | Entered the Ecumenical Temple
  2593 | Temple   | Became a worshipper of Uskayaw the Reveller
  2593 | Temple   | Reached * piety under Uskayaw
  2703 | D:4      | Reached ** piety under Uskayaw
  2869 | D:5      | Entered Level 5 of the Dungeon
  2889 | D:5      | Reached skill level 3 in Stealth
  2889 | D:5      | Reached skill level 1 in Invocations
  2889 | D:5      | Reached XP level 7. HP: 42/42 MP: 7/7
  3463 | D:5      | Noticed greenreed's ghost (novice DjSh)
  3497 | D:5      | Reached *** piety under Uskayaw
  3631 | D:5      | Found a transporter.
  3634 | D:5      | Found a transporter.
  3806 | D:5      | Identified the +1 robe of Supple Strength {rN+ MP-9 Dex+4}
  3863 | D:5      | Reached XP level 8. HP: 19/48 MP: 1/10
  4548 | D:6      | Noticed Grinder
  4550 | D:6      | Reached skill level 5 in Dodging
  4558 | D:6      | Killed Grinder
  4559 | D:6      | Reached skill level 10 in Short Blades
  4621 | D:6      | Noticed Jeremiah
  4724 | D:6      | Noticed Pikel
  5008 | D:6      | Killed Pikel
  5009 | D:6      | Reached skill level 5 in Fighting
  5009 | D:6      | Reached skill level 5 in Stealth
  5009 | D:6      | Reached XP level 9. HP: 30/54 MP: 2/11
  5318 | D:6      | Reached skill level 6 in Stealth
  5598 | D:6      | Identified a scroll of acquirement
  5598 | D:6      | Acquired a manual of Stealth
  6062 | D:2      | Killed Sigmund
  6063 | D:2      | Reached skill level 7 in Stealth
  6063 | D:2      | Reached skill level 8 in Stealth
  6934 | D:7      | Reached skill level 9 in Stealth
  7046 | D:7      | Reached **** piety under Uskayaw
  7063 | D:7      | Reached ***** piety under Uskayaw
  7174 | D:7      | Found a runed translucent door.
  7177 | D:7      | Noticed Crazy Yiuf
  7194 | D:7      | Reached skill level 10 in Stealth
  7816 | D:7      | Killed Crazy Yiuf
  7817 | D:7      | Reached XP level 10. HP: 59/59 MP: 4/13
  8374 | D:8      | Reached skill level 10 in Dodging
  8374 | D:8      | Reached skill level 5 in Invocations
  9215 | D:8      | Identified the +0 robe of the Swan {rElec rC+ Int-4 Dex+3}
  9730 | D:9      | Paralysed by a hornet for 2 turns
  9763 | D:9      | Paralysed by a hornet for 1 turns
  9983 | D:9      | Found a flagged portal.
  9989 | Bailey   | Entered a bailey
 10084 | Bailey   | Noticed a gargoyle
 10089 | Bailey   | Killed a gargoyle
 10108 | Bailey   | Gained mutation: You are vulnerable to cold. (rC-) [potion
                  | of mutation]
 10108 | Bailey   | Gained mutation: You occasionally lose the ability to drink
                  | potions when taking damage. [potion of mutation]
 10108 | Bailey   | Gained mutation: You have supernaturally acute eyesight.
                  | (SInv) [potion of mutation]
 10327 | Bailey   | Identified the +1 pair of gloves of Contumacious Wonder
                  | {MP+9 Int+3 Dex+4}
 10473 | Bailey   | Reached XP level 11. HP: 66/67 MP: 16/16
 10903 | D:9      | Noticed a two-headed ogre
 10921 | D:9      | Killed a two-headed ogre
 10922 | D:9      | Reached skill level 11 in Stealth
 10924 | D:9      | Noticed a two-headed ogre
 10951 | D:9      | Killed a two-headed ogre
 10952 | D:9      | Reached skill level 12 in Stealth
 10956 | D:9      | Reached ****** piety under Uskayaw
 11222 | D:9      | Reached skill level 13 in Stealth
 11679 | D:10     | Entered Level 10 of the Dungeon
 11826 | D:10     | Noticed a cyclops
 11826 | D:10     | Noticed a fire dragon
 11856 | D:10     | Reached skill level 14 in Stealth
 11902 | D:10     | Noticed Maurice
 11904 | D:10     | Noticed a tengu warrior
 11906 | D:10     | Killed Maurice
 11907 | D:10     | Reached XP level 12. HP: 72/72 MP: 19/19
 11940 | D:10     | Noticed a tengu warrior
 12115 | D:10     | Noticed a two-headed ogre
 12144 | D:10     | Killed a two-headed ogre
 12218 | D:10     | Reached skill level 15 in Stealth
 12221 | D:10     | Noticed Snorg
 12242 | D:10     | Killed Snorg
 12243 | D:10     | Reached skill level 10 in Invocations
 12526 | D:10     | Found a staircase to the Lair.
 12831 | Lair:1   | Entered Level 1 of the Lair of Beasts
 13740 | Lair:1   | Noticed Erica
 13753 | Lair:1   | Killed Erica
 14327 | Lair:2   | Reached skill level 16 in Stealth
 14398 | Lair:2   | Reached XP level 13. HP: 76/76 MP: 20/20
 14885 | Lair:2   | Reached skill level 15 in Dodging
 15052 | Lair:2   | Found a staircase to the Shoals.
 15118 | Lair:2   | Reached skill level 17 in Stealth
 15565 | Lair:3   | Reached skill level 18 in Stealth
 15617 | Lair:3   | Noticed an eight-headed hydra
 15630 | Lair:3   | Killed an eight-headed hydra
 16016 | Lair:3   | Noticed a six-headed hydra
 16019 | Lair:3   | Killed a six-headed hydra
 16047 | Lair:3   | Reached skill level 19 in Stealth
 16050 | Lair:3   | Noticed a six-headed hydra
 16058 | Lair:3   | Killed a six-headed hydra
 16090 | Lair:3   | Noticed a seven-headed hydra
 16110 | Lair:3   | Noticed a four-headed hydra
 16115 | Lair:3   | Killed a seven-headed hydra
 16133 | Lair:3   | Killed a four-headed hydra
 16150 | Lair:3   | Reached XP level 14. HP: 49/83 MP: 10/21
 16177 | Lair:3   | Identified the +12 dagger "Atseulaj" {protect, Fly rC++
                  | Will- rCorr Dex-5}
 16782 | Lair:3   | Reached skill level 1 in Evocations
 16943 | Lair:3   | Found a staircase to the Snake Pit.
 16976 | Lair:3   | Got Sif Muna's Opusculum on the Weathered Voyage
 17022 | Lair:3   | Found an ancient bone altar of Kikubaaqudgha.
 17205 | Lair:3   | Reached skill level 15 in Short Blades
 17778 | Lair:4   | Reached skill level 20 in Stealth
 18416 | Lair:4   | Reached skill level 5 in Evocations
 18420 | Lair:4   | Identified the +1 ring mail of Unambiguity {rPois rN+ Int+5
                  | Dex+2}
 18501 | Lair:4   | HP: 3/87 [eight-headed hydra (2)]
 18504 | Lair:4   | Slain by a basilisk

Illustrated notes

Levels and vault maps discovered:
D:1:      dpeg_arrival_shelter, layout_basic
D:2:      layout_loops_corners, hex_tiny, uniq_natasha, uniq_jessica,
          uniq_sigmund
D:3:      layout_loops_ring
D:4:      nicolae_cairo_tiling_very_big, layout_rooms, okawaru_trees_2,
          minmay_temple_entry_junction, uniq_menkaure
D:5:      layout_basic, gammafunk_ghost_arena
D:6:      layout_rooms, corexii_item_surrounded_by_moat,
          minmay_misc_feat_rugged, uniq_pikel, uniq_grinder, uniq_jeremiah
D:7:      layout_loops_ring, uniq_crazy_yiuf_cottage
D:8:      layout_cave_pods
D:9:      layout_loops_ring, enter_bailey_1, st_stairs_11
D:10:     layout_basic, due_lair_maze_entry_diamond, minivault_12, uniq_snorg,
          uniq_maurice
Temple:   compressed_dpeg_circular_temple
Lair:1:   layout_chaotic_city, serial_bayou_lagoon_b, serial_bayou_shore_b,
          uniq_erica
Lair:2:   beast_lair_carwin_large_3, layout_gridlike, elwin_shoals_entry_rooms,
          chequers_serial_rivers_micro_b
Lair:3:   nzn_winding_woodlands_huge [nzn_winding_woodlands_5x15_split_checker,
          nzn_winding_woodlands_5x15_jagged,
          nzn_winding_woodlands_5x15_pathside_ponds,
          nzn_winding_woodlands_5x15_eye, nzn_winding_woodlands_5x15_zeroes,
          nzn_winding_woodlands_5x15_pool,
          nzn_winding_woodlands_5x15_concentric,
          nzn_winding_woodlands_5x15_parted, nzn_winding_woodlands_5x15_default,
          nzn_winding_woodlands_5x15_pockets,
          nzn_winding_woodlands_center_triple_pond,
          nzn_winding_woodlands_center_pierced_h,
          nzn_winding_woodlands_15x15_killbox], layout_regular_city,
          minmay_snake_entry_guardpost_small, basic_altar
Lair:4:   layout_roguey, slime_entry_1, enter_volcano_2, special_room
          [special_room_mythical_zoo], chequers_serial_rivers_marsh

Skill      XL: |  1  2  3  4  5  6  7  8  9 10 11 12 13 14 |
---------------+-------------------------------------------+-----
Short Blades   | 5 6 7 8 9 10 12 14 15 | 15.0
Dodging        | 4 7 8 11 13 14 16 17 | 17.0
Stealth        | 3 5 10 14 16 19 20 | 20.0
Invocations    | 1 3 4 7 9 10 | 10.5
Fighting       | 5 7 9 |  9.9
Evocations     | 5 |  5.0

Action                     |  1- 3 |  4- 6 |  7- 9 | 10-12 | 13-15 || total
---------------------------+-------+-------+-------+-------+-------++-------
  Melee: Short sword       |    88 |   128 |   363 |   918 |   707 ||  2204
         Punch             |       |     1 |     7 |    11 |    14 ||    33
 Invoke: Grand Finale      |       |       |       |     1 |     4 ||     5
         Stomp             |       |       |       |       |     1 ||     1
         Line Pass         |       |       |       |       |     1 ||     1
  Evoke: Wand              |       |     1 |       |     3 |     2 ||     6
         Lightning rod     |       |       |       |       |     3 ||     3
    Use: Scroll            |       |     1 |    17 |     3 |     4 ||    25
         Potion            |       |       |       |    11 |     2 ||    13
   Stab: Sleeping          |     2 |     6 |    15 |    45 |    33 ||   101
         Paralysed         |       |       |     7 |    27 |    28 ||    62
         Distracted        |       |       |     1 |     2 |     2 ||     5
 Armour: Robe              |    18 |     2 |     5 |    44 |    45 ||   114
         Skin              |       |     2 |       |       |       ||     2
  Dodge: Dodged            |    81 |    37 |   116 |   361 |   349 ||   944
  Block: Other             |       |       |     4 |    73 |    69 ||   146
         Reflection        |       |       |       |     1 |     1 ||     2

Table legend: (Time is in decaauts)
 A = Elapsed time spent in this place.
 B = Non-inter-level travel time spent in this place.
 C = Inter-level travel time spent in this place.
 D = Time resting spent in this place.
 E = Time spent auto-exploring this place.
 F = Levels seen in this place.
 G = Mean time per level.
                   A        B        C        D        E       F      G
               +--------+--------+--------+--------+--------+-----+--------+
         Total |  17088 |  16014 |   1074 |   2338 |  10439 |  16 | 1068.0 |
       Dungeon |  11368 |  10428 |    940 |   1543 |   6858 |  10 | 1136.8 |
        Temple |     58 |     44 |     14 |      0 |      0 |   1 |   58.0 |
          Lair |   5143 |   5024 |    119 |    714 |   3402 |   4 | 1285.8 |
        Bailey |    518 |    518 |      0 |     81 |    178 |   1 |  518.0 |
               +--------+--------+--------+--------+--------+-----+--------+

Top non-repeatable levels by time:
  Lair:3: 2112 daAuts
     D:5: 1748 daAuts
     D:8: 1535 daAuts
     D:6: 1430 daAuts
     D:2: 1346 daAuts
  Lair:2: 1285 daAuts
     D:9: 1143 daAuts
  Lair:1: 1127 daAuts
     D:7: 1121 daAuts
    D:10: 1052 daAuts
     D:4: 760 daAuts
     D:3: 691 daAuts
  Lair:4: 617 daAuts
     D:1: 537 daAuts
  Bailey: 518 daAuts
